 Dungeon Crawl Stone Soup version 0.29.1-2-gbd0b4ee654 (webtiles) character file.

Game seed: 5991038328828656565

513876 wingedge the Convoker (level 22, -15/134 HPs)
             Began as a Demigod Hunter on Oct 21, 2022.
             Killed by divine providence
             ... invoked by a smoke demon
              (17 damage)
             ... on level 3 of the Abyss on Oct 24, 2022.
             The game lasted 08:58:18 (103545 turns).

wingedge the Convoker (Demigod Hunter)            Turns: 103545, Time: 08:58:18

Health: -15/134    AC: 18    Str: 21    XL:     22   Next: 60%
Magic:  6/48       EV: 19    Int: 34    God:
Gold:   1360       SH: 16    Dex: 21    Spells: 1/53 levels left

rFire   + . .      SeeInvis +   c - +6 hand crossbow (freeze)
rCold   + + .      Faith    .   U - +3 kite shield {reflect}
rNeg    . . .      Spirit   .   h - +4 skin of Zhor {*Englaciate rC+++ SInv}
rPois   .          Reflect  +   j - +1 helmet
rElec   +          Harm     .   e - +2 cloak {Will+}
rCorr   .          Rampage  .   K - +3 pair of gloves of Cuxi {Str+4}
Will    ++++.      Rage     9%  T - +1 pair of boots of Wirau {Str+3}
Stlth   +++.......              V - amulet of the acrobat
HPRegen 0.00/turn               y - ring of Etaer {rElec Will+ Slay+4}
MPRegen 0.31/turn               v - ring of Cex Tul {rF+ rC- Str+7 SInv Stlth+}

@: sick, inhibited regen, studying 3 skills, unable to read, unable to drink
A: high MP 1, forlorn, divine attributes, agile 1, [berserk 2], [clumsy 2],
[deformed body], [frail 3], [screaming 2], [inhibited regeneration], [weak 2],
[subdued magic 3], [inability to drink after injury 2], [inability to read after
injury 2]
}: 4/15 runes: barnacled, slimy, silver, gossamer
a: no special abilities


You were on level 3 of the Abyss.
You visited 10 branches of the dungeon, and saw 46 of its levels.
You visited the Abyss 1 time.
You visited 3 bazaars.
You also visited: Ossuary and Ice Cave.

You collected 7349 gold pieces.
You spent 5989 gold pieces at shops.

Inventory:

Hand Weapons
 a - the +4 dagger "Morg" {pain, Will+ Int+5}
   (You found it on level 4 of the Dungeon)

   In the hands of one skilled in necromantic magic, it inflicts extra damage on
   living creatures.
   Int:       It affects your intelligence (+5).
   Will:      It increases your willpower.
 b - a +9 vampiric trident
 c - a +6 hand crossbow of freezing (weapon)
 i - the +3 greatsling "Punk" {acid, rCorr}
   (You took it off a deep elf archer on level 5 of the Vaults)

   Any ammunition fired from it is coated in acid, damaging and corroding those
   it strikes.
   rCorr:     It protects you from acid and corrosion.
 p - the +1 mace of Insufficient Pleasure {freeze, rPois rF+++ Str-4 Int+4}
   (You found it on level 5 of the Vaults)

   It freezes those it strikes, dealing additional cold damage.
   It can also slow down cold-blooded creatures.
   Str:       It affects your strength (-4).
   Int:       It affects your intelligence (+4).
   rF:        It renders you almost immune to fire.
   rPois:     It protects you from poison.
 t - the +7 sceptre of Torment {pain, torment}
   (You took it off an ironbound preserver on level 5 of the Vaults)

   In the hands of one skilled in necromantic magic, it inflicts extra damage on
   living creatures.
   It occasionally torments all nearby living foes when it strikes in combat.
 C - the +9 dagger of Reutak {freeze, rC++ rN+ SInv}
   (You took it off a deep elf sorcerer on level 3 of the Elven Halls)

   It freezes those it strikes, dealing additional cold damage.
   It can also slow down cold-blooded creatures.
   rC:        It greatly protects you from cold.
   rN:        It protects you from negative energy.
   SInv:      It lets you see invisible.
 N - the +6 dagger "Reurrur" {vamp, rN++ Int+4}
   (You found it on level 5 of the Pits of Slime)

   It occasionally heals its wielder for a portion of the damage dealt when it
   wounds a living foe.
   Int:       It affects your intelligence (+4).
   rN:        It greatly protects you from negative energy.
Missiles
 G - 3 throwing nets
Armour
 e - a +2 cloak of willpower (worn)
 h - the +4 skin of Zhor (worn) {*Englaciate rC+++ SInv}
   (You bought it in a shop on level 1 of the Orcish Mines)

   It radiates cold, occasionally slowing all nearby creatures who are not
   resistant to cold.
   rC:        It renders you almost immune to cold.
   SInv:      It lets you see invisible.
 j - a +1 helmet (worn)
 K - the +3 pair of gloves of Cuxi (worn) {Str+4}
   (You bought it in a shop on level 8 of the Dungeon)

   Str:       It affects your strength (+4).
 T - the +1 pair of boots of Wirau (worn) {Str+3}
   (You found it on level 2 of the Spider Nest)

   Str:       It affects your strength (+3).
 U - a +3 kite shield of reflection (worn)
Magical Staves
 d - a staff of death
 r - a staff of air
Jewellery
 f - the ring "Zyodgh" {Fly EV+4}
   (You found it on level 5 of the Pits of Slime)

   [ring of evasion]

   EV:        It affects your evasion (+4).
   Fly:       It grants you flight.
 v - the ring of Cex Tul (right hand) {rF+ rC- Str+7 SInv Stlth+}
   (You found it on level 12 of the Dungeon)

   [ring of see invisible]

   Str:       It affects your strength (+7).
   rF:        It protects you from fire.
   rC:        It makes you vulnerable to cold.
   SInv:      It lets you see invisible.
   Stlth:     It makes you more stealthy.
 y - the ring of Etaer (left hand) {rElec Will+ Slay+4}
   (You acquired it on level 11 of the Dungeon)

   [ring of slaying]

   Slay:      It affects your accuracy & damage with ranged weapons and melee
   (+4).
   rElec:     It insulates you from electricity.
   Will:      It increases your willpower.
 z - a ring of resist corrosion
 H - a ring of positive energy
 O - the ring of the Locust {rC+ Int+3}
   (You took it off a tengu reaver on level 5 of the Vaults)

   [ring of protection from cold]

   Int:       It affects your intelligence (+3).
   rC:        It protects you from cold.
 V - an amulet of the acrobat (around neck)
Wands
 L - a wand of light (14)
 W - a wand of digging (10)
Scrolls
 k - 9 scrolls of teleportation
 m - a scroll of silence
 o - 5 scrolls of torment
 q - 3 scrolls of fear
 s - a scroll of amnesia
 A - 4 scrolls of magic mapping
 J - 5 scrolls of immolation
 S - 2 scrolls of fog
Potions
 g - 16 potions of lignification
 l - 4 potions of ambrosia
 u - 6 potions of heal wounds
 x - 2 potions of brilliance
 B - 4 potions of mutation
 D - 3 potions of invisibility
 E - 13 potions of might
 M - 7 potions of curing
 Q - 3 potions of flight
 X - 3 potions of cancellation
 Y - a potion of haste
 Z - 2 potions of resistance
Miscellaneous
 w - a phantom mirror (inert)
 F - a tin of tremorstones (inert)
 I - a box of beasts (inert)
 P - a condenser vane (inert)
 R - a phial of floods (inert)


   Skills:
 - Level 15.0 Fighting
 + Level 3.3 Maces & Flails
 - Level 7.0 Polearms
 + Level 9.5 Ranged Weapons
 - Level 8.0 Armour
 - Level 11.0 Dodging
 - Level 1.0 Stealth
 - Level 10.0 Shields
 - Level 16.0 Spellcasting
 - Level 13.0 Conjurations
 - Level 8.0 Hexes
 - Level 16.0 Summonings
 * Level 8.9 Necromancy
 - Level 3.0 Translocations
 - Level 10.0 Transmutations
 - Level 3.0 Ice Magic
 - Level 9.0 Air Magic
 - Level 8.0 Poison Magic
 - Level 4.0 Evocations


You had one spell level left.
You knew the following spells:

 Your Spells              Type           Power      Damage    Failure   Level
a - Freezing Cloud        Conj/Ice/Air   22%        6-21      1%          5
b - Spellforged Servitor  Conj/Summ      30%        N/A       3%          7
c - Yara's Violent Unrav  Hex/Tmut       23%        3d10      1%          5
d - Airstrike             Air            23%        2d(4-20)  1%          4
e - Haunt                 Necr/Summ      28%        N/A       9%          7
f - Summon Lightning Spi  Summ/Air       56%        N/A       1%          4
h - Summon Mana Viper     Hex/Summ       55%        N/A       1%          5
i - Lightning Bolt        Conj/Air       26%        1d42      1%          5
j - Monstrous Menagerie   Summ           32%        N/A       1%          7
p - Portal Projectile     Hex/Tloc       68%        N/A       1%          3

Your spell library contained the following spells:

 Spells                   Type           Power      Damage    Failure   Level
 Shock                    Conj/Air       100%       1d9       0%          1
 Sting                    Tmut/Pois      100%       1d8       0%          1
 Apportation              Tloc           50%        N/A       1%          1
 Foxfire                  Conj/Fire      100%       2x1d9     1%          1
 Sandblast                Erth           28%        2d8       1%          1
 Call Imp                 Summ           64%        N/A       0%          2
 Poisonous Vapours        Pois/Air       88%        N/A       0%          2
 Static Discharge         Conj/Air       52%        3-10/arc  0%          2
 Call Canine Familiar     Summ           64%        N/A       0%          3
 Dazzling Flash           Conj/Hex       100%       N/A       0%          3
 Blink                    Tloc           50%        N/A       1%          2
 Ensorcelled Hibernation  Hex/Ice        68%        N/A       1%          2
 Passwall                 Tmut/Erth      26%        N/A       1%          2
 Conjure Flame            Conj/Fire      37%        6-21      1%          3
 Gell's Gravitas          Tloc           25%        N/A       1%          3
 Inner Flame              Hex/Fire       28%        N/A       1%          3
 Lesser Beckoning         Tloc           25%        N/A       1%          3
 Ozocubu's Armour         Ice            25%        N/A       1%          3
 Spider Form              Tmut/Pois      46%        N/A       1%          3
 Stone Arrow              Conj/Erth      74%        3d11      1%          3
 Swiftness                Air            46%        N/A       1%          3
 Teleport Other           Tloc           25%        N/A       1%          3
 Tukima's Dance           Hex            42%        N/A       1%          3
 Anguish                  Hex/Necr       22%        N/A       1%          4
 Animate Armour           Summ/Erth      84%        N/A       1%          4
 Animate Dead             Necr           46%        N/A       1%          4
 Dispel Undead            Necr           46%        3d18      1%          4
 Flame Wave               Conj/Fire      37%        2d10      1%          4
 Fulminant Prism          Conj/Hex       25%        3d14      1%          4
 Iskenderun's Mystic Bla  Conj/Tloc      42%        2d10      1%          4
 Olgreb's Toxic Radiance  Pois           42%        N/A       1%          4
 Sticky Flame             Conj/Fire      37%        2d6       1%          4
 Summon Ice Beast         Ice/Summ       48%        N/A       1%          4
 Alistair's Intoxication  Tmut/Pois      30%        N/A       1%          5
 Leda's Liquefaction      Hex/Erth       14%        N/A       2%          4
 Passage of Golubria      Tloc           25%        N/A       4%          4
 Metabolic Englaciation   Hex/Ice        17%        N/A       4%          5
 Death Channel            Necr           23%        N/A       6%          6
 Eringya's Noxious Bog    Tmut/Pois      23%        N/A       6%          6
 Borgnjor's Vile Clutch   Necr/Erth      15%        N/A       8%          5
 Manifold Assault         Tloc           25%        N/A       16%         5
 Iron Shot                Conj/Erth      18%        9d4       21%         6
 Starburst                Conj/Fire      18%        6d7       21%         6
 Simulacrum               Ice/Necr       17%        N/A       26%         6
 Malign Gateway           Summ/Tloc      24%        N/A       34%         7
 Storm Form               Tmut/Air       24%        N/A       34%         7
 Statue Form              Tmut/Erth      21%        N/A       38%         6
 Lee's Rapid Deconstruct  Erth           7%         3d7*      52%         5
 Dispersal                Tloc           12%        N/A       69%         6
 Ozocubu's Refrigeration  Ice            12%        4d10      99%         7
 Maxwell's Capacitive Co  Air            23%        ∞         99%         8
 Ignition                 Fire           7%         3d4       100%        8
 Lehudib's Crystal Spear  Conj/Erth      18%        10d6      100%        8
 Polar Vortex             Ice            12%        N/A       100%        9


Dungeon Overview and Level Annotations

Branches:
Dungeon (15/15)            Temple (0/1) D:4            Lair (5/5) D:11
 Shoals (4/4) Lair:3       Spider (4/4) Lair:3        Slime (5/5) Lair:5
    Orc (2/2) D:12            Elf (3/3) Orc:2        Vaults (5/5) D:14
  Crypt (2/3) Vaults:2     Depths (1/4) D:15        Ossuary (visited)
  IceCv (visited)

Shops:
D:8 [   D:12 *   D:13 *   Orc:1 [=   Orc:2 :*[(   Elf:1 *[!*   Shoals:2 [
Vaults:1 ?   Vaults:3 !   Vaults:5 !

Portals:
Abyss: Depths:1


Innate Abilities, Weirdness & Mutations

You have an increased reservoir of magic. (+10% MP)
You shall have no god before yourself.
Your divine heritage dramatically boosts your attributes as you level up.
You are agile. (Dex +4, Str/Int -1)
[You have an uncontrollable temper.]
[You are very clumsy. (Dex -4)]
[Armour fits poorly on your strangely shaped body.]
[You are extremely frail. (-30% HP)]
[You frequently scream uncontrollably at your foes.]
[You do not regenerate when monsters are visible.]
[You are very weak. (Str -4)]
[Your spells are much easier to cast, but much less powerful.]
[You sometimes lose the ability to drink potions when taking damage.]
[You sometimes lose the ability to read scrolls when taking damage.]


Message History

The wretched star pulses with an eldritch light!
Your connection to magic feels nearly dormant.
Your larval fireshock beast twists and deforms.
Unknown command.
Unknown command.
The starcursed mass shudders and withdraws towards its neighbour.
The smoke demon is engulfed in blazing flames.
The wretched star is engulfed in blazing flames.
The ancient zyme is engulfed in blazing flames.
Unknown command.
Unknown command.
The smoke demon misses you. You block the smoke demon's attack. x2
Your larval fireshock beast hits the smoke demon.
The smoke demon gestures at you. Something smites you!
* * * LOW HITPOINT WARNING * * *
Unknown command.
Unknown command.
Unknown command.
A starcursed mass comes into view.
You scream at the starcursed mass!
You hear a deafening roar!
You hear a roar!
You hear a shout!
A starcursed mass splits.
The wretched star pulses with an eldritch light!
Your larval fireshock beast twists and deforms.
The ancient zyme is engulfed in blazing flames.
You feel ill.
Unknown command.
Unknown command.
The +1 mace of Insufficient Pleasure {freeze, rPois rF+++ Str-4 Int+4} stops glowing.
Your +6 hand crossbow of freezing is covered in frost.
c - a +6 hand crossbow of freezing (weapon)
The ancient zyme is no longer moving slowly.
The wretched star glows turbulently.
The lance of force hits you but does no damage.
The smoke demon hits your larval fireshock beast!
The smoke demon barely misses your larval fireshock beast. x2
The smoke demon gestures at you. Something smites you!
You die...

. ...⌠#φ..#...
. .
#X.X○☼#.... #
. #..#.~☼§##..
+ # .
#..~§§### .
#..#x3~.# §
#...##*~.# # #
. . . #..
#.∩.+ # ..
...##..*# ##
#.## ..#.3H@#
.#.... # ..
G.##...#⌠. ...
.
.#...........∩
# #
#......#.#..
.#
.##..#########
# .... #
#.##.#..# #X #
.## . . #. .


You could see 2 starcursed masses, 2 wretched stars, an ancient zyme, 2 smoke
demons and a friendly larval fireshock beast (summoned, slow, misshapen, sick).

Vanquished Creatures
  A royal mummy (Crypt:2)
  Sojobo (Vaults:2)
  Arachne (Spider:2)
  A lich (Vaults:5)
  3 tentacled monstrosities
  A titan (Vaults:5)
  A tentacled starspawn (Abyss:3)
  9 acid blobs
  An ancient champion (Vaults:2)
  A shadow dragon (Vaults:5)
  2 tengu reavers
  Polyphemus (Shoals:2)
  2 storm dragons
  Frances (D:12)
  A revenant (Crypt:1)
  Ilsuiw (Shoals:2)
  7 azure jellies
  A fire giant (Vaults:5)
  2 rockslimes
  2 orc warlords
  A frost giant (Depths:1)
  5 vault wardens
  A deep elf elementalist (Elf:3)
  Louise (Spider:2)
  2 deep elf sorcerers
  3 emperor scorpions
  2 ghost moths (Abyss:3)
  A war gargoyle (Vaults:5)
  9 ironbound preservers
  A broodmother (Spider:4)
  A stone giant (Depths:1)
  A quicksilver ooze (shapeshifter) (D:14)
  2 very ugly things
  7 quicksilver oozes
  3 vampire knights
  5 deep elf demonologists
  10 entropy weavers
  A deep elf annihilator (Vaults:5)
  Snorg (D:10)
  2 dire elephants
  An ettin (Depths:1)
  A merfolk javelineer (Shoals:4)
  2 fire dragons
  2 deep elf death magi (Elf:3)
  7 merfolk impalers
  A mummy priest (Crypt:2)
  A jiangshi (Crypt:2)
  7 yaktaur captains
  17 vault guards
  3 deep elf high priests (Elf:3)
  16 great orbs of eyes
  3 hydras
  3 rakshasas
  A spriggan skeleton (Abyss:2)
  16 boulder beetles
  A fenstrider witch skeleton (Crypt:1)
  A radroach (Spider:3)
  10 centaur warriors
  An ogre mage (Vaults:5)
  A catoblepas (Shoals:2)
  3 ironbound frosthearts
  2 ghost crabs (Spider:2)
  2 alligator snapping turtles
  A satyr (Shoals:4)
  5 merfolk aquamancers
  A merfolk avatar (Shoals:3)
  5 two-headed ogres
  7 death yaks
  A tengu warrior (D:15)
  21 dancing weapons
  A death scarab (Spider:3)
  2 vampire magi (Crypt:2)
  A thrashing horror (Abyss:2)
  2 hell knights (Depths:1)
  2 orc high priests
  A soul eater (Abyss:2)
  5 deep elf knights (Elf:2)
  A wretched star (Abyss:3)
  3 pharaoh ants
  2 skeletal warriors (D:15)
  3 sun moths
  2 fire crabs
  14 deep trolls
  A sixfirhy (Abyss:2)
  2 flayed ghosts
  A spatial maelstrom (Abyss:3)
  6 sea snakes
  5 orb spiders
  A glowing orange brain (Vaults:2)
  9 phantasmal warriors
  A starcursed mass (Abyss:3)
  A spriggan simulacrum (Abyss:2)
  5 deep elf archers
  A necromancer (Depths:1)
  10 lindwurms
  11 harpies
  2 large abominations (Abyss:3)
  3 orc knights
  7 deep elf zephyrmancers
  A harpy (shapeshifter) (Elf:1)
  4 fauns
  13 deep elf pyromancers
  4 ironbound convokers
  3 orc sorcerers
  8 ugly things
  4 wolf spiders
  2 cyclopes (D:13)
  7 manticores
  4 shining eyes
  A moth of wrath (shapeshifter) (Vaults:5)
  5 moths of wrath
  2 ice statues (IceCv)
  8 vault sentinels
  9 merfolk sirens
  2 black mambas
  3 molten gargoyles (Lair:5)
  4 elephants (Lair:2)
  14 water nymphs
  Maggie (D:10)
  A gargoyle (D:12)
  3 torpor snails
  2 apocalypse crabs
  5 cane toads
  2 rime drakes (Lair:4)
  2 kobold demonologists
  2 demonic crawlers (Spider:4)
  A freezing wraith (D:15)
  2 unseen horrors
  14 yaktaurs
  2 tengu conjurers
  9 komodo dragons
  2 trolls
  An ancient zyme (Abyss:3)
  Grinder (D:5)
  5 meliai
  6 tyrant leeches
  14 merfolk
  A hornet (Lair:2)
  7 wind drakes
  Prince Ribbit (D:6)
  26 tarantellas
  A polar bear (Lair:3)
  5 blink frogs
  23 slime creatures
  3 snapping turtles
  5 dream sheep (Lair:3)
  20 jumping spiders
  Sigmund (D:6)
  11 culicivoras
  2 air elementals (Shoals:4)
  44 yaks
  15 water elementals
  A vampire (D:9)
  A ynoxinul (Abyss:2)
  8 basilisks
  6 wraiths
  Eustachio (D:5)
  5 wyverns
  2 fire elementals
  A human (D:8)
  A golden eye (Abyss:3)
  44 redbacks
  4 steam dragons
  A chaos spawn (Abyss:3)
  6 vampire mosquitoes (Spider:2)
  3 spatial vortices (Abyss:3)
  2 neqoxecs
  A warg (shapeshifter) (D:14)
  Edmund (D:6)
  3 wargs
  6 water moccasins
  A floating eye (Slime:5)
  22 nameless horrors
  5 hell hounds (Lair:5)
  22 orc warriors
  A hornet zombie (D:8)
  A black bear (shapeshifter) (D:14)
  2 black bears
  2 boggarts (D:12)
  10 wolves
  6 ogres
  13 centaurs
  A phantom (D:6)
  2 kobold brigands
  A wyvern zombie (D:8)
  8 bullfrogs
  2 necrophages (D:5)
  8 scorpions
  7 wights
  6 howler monkeys
  A centaur zombie (D:5)
  2 bullfrog zombies (D:5)
  4 lava snakes (Lair:5)
  A quasit (Abyss:2)
  2 jellies
  5 hounds
  An iron imp (Abyss:2)
  13 orc priests
  A human zombie (D:5)
  11 orc wizards
  2 gnoll boudas
  A human skeleton (D:8)
  3 iguanas
  4 small abominations
  2 wolf simulacra (IceCv)
  A mummy (Ossuary)
  A howler monkey zombie (D:8)
  13 gnolls
  15 adders
  A white imp (Abyss:2)
  An ufetubus (Abyss:3)
  7 worms
  5 dart slugs
  53 orcs
  3 spectral bats (Ossuary)
  5 ball pythons
  11 bats
  4 bat simulacra (Ossuary)
  11 endoplasms
  6 giant cockroaches
  9 goblins
  8 hobgoblins
  4 quokkas
  7 frilled lizards
  12 gnoll zombies (Ossuary)
  6 goblin simulacra (Ossuary)
  3 goblin zombies (Ossuary)
  6 hobgoblin zombies (Ossuary)
  19 kobolds
  3 kobold simulacra (Ossuary)
  A kobold zombie (Ossuary)
  8 orc zombies (Ossuary)
  7 rats
  2 rat simulacra (Ossuary)
  4 spectral goblins (Ossuary)
  A spectral kobold (Ossuary)
  2 spectral rats (Ossuary)
1194 creatures vanquished.

Vanquished Creatures (collateral kills)
  the Royal Jelly (Slime:5)
  An ancient lich (Abyss:3)
  Frederick (Vaults:5)
  Nikola (Elf:1)
  5 golden dragons (Vaults:5)
  The ghost of TPoD the Slayer, an adept HOMo of Beogh (Vaults:2)
  A lich (Vaults:1)
  4 tentacled monstrosities (Vaults:5)
  2 deep elf master archers (Elf:3)
  Mlioglotl (Shoals:3)
  3 titans (Vaults:5)
  A shard shrike skeleton (Crypt:1)
  3 deep elf blademasters
  Asterion (Depths:1)
  A tentacled starspawn (Abyss:2)
  6 acid blobs
  3 sphinxes
  Kirke (Spider:2)
  2 shadow dragons (Vaults:5)
  2 ancient champions (Crypt:1)
  6 tengu reavers
  2 storm dragons
  A fire giant (Vaults:5)
  5 azure jellies
  7 deep elf sorcerers
  An iron dragon (Vaults:5)
  4 frost giants
  7 rockslimes (Slime:5)
  11 vault wardens
  2 curse skulls (Crypt:1)
  A ghost moth (Spider:2)
  6 deep elf elementalists (Elf:3)
  An emperor scorpion (Spider:4)
  8 ironbound preservers
  13 very ugly things
  5 broodmothers (Spider:4)
  4 stone giants (Vaults:5)
  2 quicksilver oozes (Slime:5)
  6 dire elephants
  2 vampire knights (Crypt:1)
  An ironbound thunderhulk (Vaults:1)
  9 deep elf annihilators
  6 entropy weavers
  2 eidola (Crypt:1)
  A spark wasp (Spider:4)
  The ghost of RatsInWalls the Fighter, a journeyman DsMo of Nemelex Xobeh (Lair:3)
  3 merfolk javelineers
  3 merfolk impalers
  8 jiangshi
  Josephine (D:15)
  4 ettins
  7 great orbs of eyes
  A deep elf death mage (Vaults:5)
  4 deep elf high priests
  4 yaktaur captains
  Fannar (Lair:3)
  3 rakshasas
  3 boulder beetles
  16 vault guards
  A peacekeeper (Vaults:1)
  2 hydras
  A two-headed ogre (shapeshifter) (Vaults:5)
  2 radroaches (Spider:4)
  A boulder beetle (shapeshifter) (Vaults:5)
  A fenstrider witch skeleton (Crypt:1)
  3 centaur warriors
  A catoblepas (Shoals:2)
  8 ironbound frosthearts
  3 two-headed ogres
  A merfolk avatar (Shoals:1)
  A spriggan skeleton (Crypt:1)
  A death knight (D:15)
  A deep troll earth mage (Depths:1)
  2 merfolk aquamancers
  4 dancing weapons
  A satyr (Shoals:4)
  5 tengu warriors
  4 death yaks
  2 orc high priests
  6 deep elf knights
  Nergalle (Orc:2)
  A thrashing horror (Abyss:3)
  A wretched star (Abyss:3)
  4 hell knights
  13 skeletal warriors
  A spark wasp zombie (Crypt:1)
  5 sea snakes
  4 steelbarb worms
  7 orb spiders
  5 pharaoh ants
  25 deep trolls
  2 wizards (Vaults:1)
  A starcursed mass (Abyss:3)
  4 deep elf archers
  7 phantasmal warriors
  14 deep elf zephyrmancers
  5 ironbound convokers
  19 deep elf pyromancers
  4 necromancers
  5 lindwurms
  5 harpies
  11 wolf spiders
  4 orc knights
  15 ugly things
  2 fauns
  2 manticores
  2 cyclopes
  2 manticores (shapeshifter)
  A merfolk siren (Shoals:4)
  A worldbinder (Abyss:3)
  A frost giant skeleton (Depths:1)
  A salamander (D:15)
  An orc zombie (Abyss:2)
  A water nymph (Shoals:4)
  A black mamba (Lair:5)
  6 vault sentinels
  2 torpor snails
  A shock serpent skeleton (Crypt:1)
  A smoke demon (Abyss:1)
  An orange demon (Abyss:2)
  5 cane toads
  A catoblepas zombie (Crypt:1)
  5 demonic crawlers
  A red draconian zombie (Crypt:1)
  14 yaktaurs
  4 freezing wraiths
  2 komodo dragons (Lair:5)
  A rime drake (Lair:5)
  A tengu conjurer (Depths:1)
  2 sea snake skeletons (Crypt:2)
  4 meliai
  4 trolls
  A polar bear (Lair:3)
  A wind drake (Shoals:4)
  2 harpy zombies (Crypt:1)
  12 tarantellas
  A tengu simulacrum (Depths:1)
  5 merfolk
  2 blink frogs
  4 tyrant leeches
  A dream sheep (shapeshifter) (Vaults:4)
  2 snapping turtles
  52 slime creatures
  A satyr zombie (Crypt:1)
  8 jumping spiders
  4 air elementals (Shoals:4)
  A vampire (D:12)
  13 culicivoras
  A naga simulacrum (Crypt:1)
  An alligator skeleton (Crypt:2)
  17 water elementals
  A fire elemental (Elf:3)
  2 wyverns (Lair:5)
  2 basilisks (Lair:5)
  6 wraiths
  A human (shapeshifter) (D:13)
  19 yaks
  7 vampire mosquitoes
  28 redbacks
  3 wargs
  5 water moccasins
  A floating eye (shapeshifter) (D:14)
  5 nameless horrors
  9 orc warriors
  2 ogres
  2 wolves (Lair:2)
  3 boggarts (D:12)
  3 centaurs
  A komodo dragon zombie (Crypt:1)
  4 earth elementals
  3 necrophages
  A glowing shapeshifter simulacrum (Depths:1)
  4 bullfrogs
  A small abomination (Abyss:2)
  A draconian skeleton (Crypt:2)
  3 wights (D:8)
  A howler monkey (D:13)
  A bullfrog zombie (D:5)
  A lava snake (Lair:5)
  2 centaur zombies
  A hound (D:6)
  7 orc priests
  A gnoll bouda (D:7)
  An iguana (D:6)
  9 orc wizards
  2 polar bear simulacra (IceCv)
  A naga skeleton (Crypt:2)
  2 mummies (D:5)
  2 howler monkey zombies
  9 gnolls
  2 shadow imps
  A white imp (Abyss:2)
  33 orcs
  A giant cockroach zombie (Crypt:2)
  8 kobolds
  A quokka zombie (Crypt:1)
  A river rat skeleton (Crypt:1)
830 creatures vanquished.

Vanquished Creatures (others)
  A water elemental (Shoals:2)
  2 air elementals
  3 humans (Spider:2)
  A bush (D:11)
  3 demonic plants (Abyss:3)
  27 fungi
  155 plants
  4 starspawn tentacles
  7 withered plants
203 creatures vanquished.

Grand Total: 2227 creatures vanquished

Notes
Turn   | Place    | Note
-------+----------+-------------------------------------------
     0 | D:1      | wingedge the Demigod Hunter began the quest for the Orb.
     0 | D:1      | Reached XP level 1. HP: 17/17 MP: 3/3
   190 | D:1      | Reached XP level 2. HP: 19/24 MP: 4/4
  1033 | D:2      | Reached XP level 3. HP: 23/29 MP: 5/5
  1561 | D:2      | Reached skill level 5 in Ranged Weapons
  1966 | D:2      | Reached skill level 1 in Stealth
  2193 | D:2      | Reached XP level 4. HP: 36/36 MP: 6/6
  2320 | D:2      | Reached skill level 1 in Poison Magic
  3480 | D:3      | Reached skill level 1 in Air Magic
  3483 | D:3      | Learned a level 2 spell: Poisonous Vapours
  3572 | D:3      | Reached XP level 5. HP: 41/41 MP: 7/7
  4185 | D:4      | Found a staircase to the Ecumenical Temple.
  4271 | D:4      | Found a sand-covered staircase.
  4282 | Ossuary  | Entered an ossuary
  5041 | D:4      | Reached XP level 6. HP: 17/51 MP: 1/8
  5539 | D:4      | Reached skill level 1 in Spellcasting
  5811 | D:4      | Found the +4 dagger "Morg" {pain, Will+ Int+5}
  6237 | D:5      | Entered Level 5 of the Dungeon
  6237 | D:5      | Noticed Eustachio
  6293 | D:5      | Reached skill level 1 in Summonings
  6350 | D:5      | Reached skill level 1 in Shields
  6468 | D:5      | Noticed Grinder
  6566 | D:5      | Killed Grinder
  6567 | D:5      | Reached XP level 7. HP: 39/59 MP: 13/13
  6835 | D:5      | Learned a level 3 spell: Call Canine Familiar
  6907 | D:5      | Killed Eustachio
  7256 | D:5      | Reached XP level 8. HP: 42/66 MP: 14/14
  7564 | D:5      | Reached skill level 5 in Summonings
  7973 | D:6      | Noticed Prince Ribbit
  7989 | D:6      | Killed Prince Ribbit
  8019 | D:6      | Reached skill level 1 in Hexes
  8019 | D:6      | Reached skill level 1 in Translocations
  8290 | D:6      | Learned a level 3 spell: Portal Projectile
  8290 | D:6      | Noticed Edmund
  8308 | D:6      | Killed Edmund
  8614 | D:6      | Reached XP level 9. HP: 55/71 MP: 7/16
  8709 | D:6      | Noticed Sigmund
  8722 | D:6      | Killed Sigmund
  9607 | D:7      | Reached skill level 5 in Fighting
  9613 | D:7      | Reached skill level 1 in Armour
 11361 | D:8      | Found a runed translucent door.
 11382 | D:8      | Reached XP level 10. HP: 73/82 MP: 13/19
 11394 | D:8      | Reached skill level 5 in Air Magic
 11523 | D:8      | Found Imoas's Armour Emporium.
 11714 | D:8      | Bought the +3 pair of gloves of Cuxi {Str+4} for 383 gold
                  | pieces
 12305 | D:9      | Learned a level 4 spell: Airstrike
 13419 | D:9      | Reached skill level 5 in Spellcasting
 13830 | D:10     | Entered Level 10 of the Dungeon
 13883 | D:10     | Noticed Maggie
 13900 | D:10     | Killed Maggie
 14178 | D:10     | Noticed Snorg
 14189 | D:10     | Killed Snorg
 14557 | D:10     | Noticed a sea snake
 14558 | D:10     | Noticed a sea snake
 15090 | D:11     | Reached XP level 11. HP: 77/91 MP: 19/22
 15194 | D:11     | Noticed a two-headed ogre
 15203 | D:11     | Killed a two-headed ogre
 15204 | D:11     | Reached skill level 5 in Poison Magic
 15248 | D:11     | Identified a scroll of acquirement
 15251 | D:11     | Acquired the ring of Etaer {rElec Will+ Slay+4}
 15259 | D:11     | Learned a level 4 spell: Olgreb's Toxic Radiance
 15321 | D:11     | Noticed a centaur warrior
 15559 | D:11     | Killed a centaur warrior
 15934 | D:11     | Noticed a two-headed ogre
 15975 | D:11     | Killed a two-headed ogre
 16256 | D:11     | Found a staircase to the Lair.
 16339 | D:11     | Noticed a boulder beetle
 16367 | D:11     | Killed a boulder beetle
 16386 | Lair:1   | Entered Level 1 of the Lair of Beasts
 17348 | Lair:2   | Reached XP level 12. HP: 45/101 MP: 7/25
 17352 | Lair:2   | Reached skill level 1 in Transmutations
 17618 | Lair:2   | Learned a level 4 spell: Summon Lightning Spire
 18582 | Lair:3   | Learned a level 5 spell: Alistair's Intoxication
 18691 | Lair:3   | Noticed Fannar
 18704 | Lair:3   | Killed Fannar
 19127 | Lair:3   | Found a transporter.
 19159 | Lair:3   | Noticed RatsInWalls's ghost (journeyman DsMo)
 19175 | Lair:3   | Found a transporter.
 19201 | Lair:3   | Reached skill level 5 in Shields
 19213 | Lair:3   | Killed RatsInWalls's ghost
 19613 | Lair:3   | Found a hole to the Spider Nest.
 19720 | Lair:3   | Found a staircase to the Shoals.
 20362 | Lair:4   | Reached skill level 10 in Fighting
 20362 | Lair:4   | Reached XP level 13. HP: 72/113 MP: 10/29
 20627 | Lair:4   | Found a frozen archway.
 20633 | IceCv    | Entered an ice cave
 20941 | IceCv    | Found a transporter.
 20981 | IceCv    | Found a transporter.
 21580 | Lair:4   | Got the Guide on the Retinue
 22503 | Lair:5   | Entered Level 5 of the Lair of Beasts
 23251 | Lair:5   | Reached skill level 5 in Transmutations
 23799 | Lair:5   | Found a staircase to the Slime Pits.
 24413 | Lair:5   | Found a large runed translucent door.
 24413 | Lair:5   | Found a large runed translucent door.
 24791 | Lair:5   | Reached skill level 5 in Armour
 25852 | D:11     | Reached skill level 5 in Hexes
 26025 | D:11     | Learned a level 5 spell: Summon Mana Viper
 26082 | D:11     | Found the +6 shillelagh "Devastator" {shatter}
 26428 | D:12     | Found a flickering gateway to a bazaar.
 26434 | Bazaar   | Entered a bazaar
 26497 | Bazaar   | Found Nemegh's Magic Scroll Emporium.
 26519 | Bazaar   | Found Xoheoly's General Store.
 26551 | Bazaar   | Found Southry's Book Shoppe.
 26562 | Bazaar   | Found Muigitz's Antique Armour Shoppe.
 26573 | Bazaar   | Found Suufuaw's General Store.
 26600 | Bazaar   | Bought a book of Lightning for 324 gold pieces
 26600 | Bazaar   | Bought Great Wizards, Vol. VII for 270 gold pieces
 26609 | Bazaar   | Bought a shiny buckler for 142 gold pieces
 26658 | Bazaar   | Bought a scroll of noise for 16 gold pieces
 26718 | D:12     | Reached skill level 1 in Polearms
 26760 | D:12     | Noticed Frances
 27231 | D:12     | Reached XP level 14. HP: 77/121 MP: 9/31
 27908 | D:12     | Killed Frances
 27994 | D:12     | Found a transporter.
 27998 | D:12     | Found a transporter.
 28216 | D:12     | Found Inaucwudi's General Store.
 28262 | D:12     | Found a staircase to the Orcish Mines.
 28531 | D:12     | Identified the ring of Cex Tul {rF+ rC- Str+7 SInv Stlth+}
 28634 | Orc:1    | Entered Level 1 of the Orcish Mines
 28808 | Orc:1    | Found Ejeuduj's Jewellery Shoppe.
 28872 | Orc:2    | Entered Level 2 of the Orcish Mines
 29099 | Orc:2    | Noticed an orc warlord
 29153 | Orc:2    | Killed an orc warlord
 29154 | Orc:2    | Reached skill level 5 in Polearms
 29158 | Orc:2    | Gained mutation: [You sometimes lose your temper in
                  | combat.] [mutagenic glow]
 30633 | Orc:2    | Found a staircase to the Elven Halls.
 30865 | Orc:2    | Noticed Nergalle
 30906 | Orc:1    | Found Gugg's Antique Armour Shoppe.
 31214 | Orc:1    | Lost mutation: [You sometimes lose your temper in combat.]
                  | [potion of mutation]
 31214 | Orc:1    | Gained mutation: You are agile. (Dex +4, Str/Int -1)
                  | [potion of mutation]
 31229 | Orc:1    | Bought an embroidered hat for 217 gold pieces
 31371 | Orc:1    | HP: 4/121 [ettin/+0 dire flail (8)]
 31911 | Orc:1    | You fall into a shaft and drop 1 floor!
 31980 | Orc:2    | Found Saewy's Antique Armour Shop.
 31992 | Orc:2    | Killed Nergalle
 32072 | Orc:2    | Bought an embroidered scarf for 192 gold pieces
 32072 | Orc:2    | Bought a shiny buckler for 180 gold pieces
 32162 | Orc:2    | Found Yffi's General Store.
 32237 | Orc:2    | Found Hatykise's Book Shop.
 32249 | Orc:2    | Bought 2 scrolls of blinking for 255 gold pieces
 32273 | Orc:2    | Found Bysch's Antique Weapon Shop.
 32579 | D:12     | Bought a scroll of enchant weapon for 97 gold pieces
 33532 | D:13     | Found Beukum's General Store.
 34781 | D:14     | Identified the +3 leather armour "Vaof" {rF+ Dex+3}
 35174 | D:14     | Found a gate to the Vaults.
 35179 | D:14     | Reached skill level 10 in Spellcasting
 35627 | D:15     | Entered Level 15 of the Dungeon
 36772 | D:15     | Learned a level 5 spell: Yara's Violent Unravelling
 36829 | D:15     | Reached XP level 15. HP: 126/126 MP: 19/34
 36890 | D:15     | Noticed Josephine
 37299 | D:15     | Killed Josephine
 38243 | D:15     | Found a staircase to the Depths.
 38940 | D:15     | Reached skill level 1 in Conjurations
 39490 | Spider:1 | Entered Level 1 of the Spider Nest
 41574 | Spider:2 | Found a transporter.
 41580 | Spider:2 | Noticed Louise
 41601 | Spider:2 | Killed Louise
 42101 | Spider:1 | Learned a level 5 spell: Lightning Bolt
 42278 | Spider:2 | Noticed Kirke
 42287 | Spider:2 | Killed Kirke
 42982 | Spider:2 | Noticed Arachne
 42999 | Spider:2 | Killed Arachne
 43291 | Spider:2 | Found a transporter.
 43745 | Spider:2 | Got the +1 pair of boots of Wirau {Str+3}
 43956 | Spider:3 | Reached XP level 16. HP: 137/137 MP: 21/37
 43977 | Spider:3 | Reached skill level 5 in Conjurations
 43991 | Spider:3 | Reached skill level 5 in Dodging
 44611 | Spider:3 | Identified the +1 leather armour of Neseras {rElec rC++
                  | MP+9 Str-5}
 45167 | Spider:3 | Reached skill level 10 in Summonings
 45499 | Spider:4 | Entered Level 4 of the Spider Nest
 45510 | Spider:4 | Reached skill level 1 in Evocations
 50898 | Spider:4 | Got a gossamer rune of Zot
 51269 | Shoals:1 | Entered Level 1 of the Shoals
 51392 | D:12     | Bought a potion of curing for 39 gold pieces
 51538 | Shoals:1 | Reached XP level 17. HP: 146/146 MP: 8/40
 52483 | Shoals:1 | Learned a level 7 spell: Monstrous Menagerie
 54265 | Shoals:2 | Noticed Polyphemus
 54266 | Shoals:2 | Noticed Ilsuiw
 55708 | Shoals:2 | Killed Polyphemus
 55876 | Shoals:2 | Killed Ilsuiw
 56616 | Shoals:2 | Found Jeuckach's Antique Armour Emporium.
 57015 | Shoals:2 | Bought a pair of heavily runed gloves for 266 gold pieces
 57015 | Shoals:2 | Identified the +0 pair of gloves "Cute" {rCorr} (You bought
                  | it in a shop on level 2 of the Shoals)
 57618 | Shoals:3 | Found a flickering gateway to a bazaar.
 57627 | Bazaar   | Entered a bazaar
 57627 | Bazaar   | Found Mator's Magic Scroll Shoppe.
 57627 | Bazaar   | Found Alass's Magic Scroll Emporium.
 57629 | Bazaar   | Found Ehausm's Weapon Shoppe.
 57645 | Bazaar   | Found Reninom's Magic Scroll Emporium.
 57689 | Bazaar   | Bought a scroll of teleportation for 27 gold pieces
 57693 | Bazaar   | Bought a scroll of enchant armour for 97 gold pieces
 57703 | Bazaar   | Bought a scroll of enchant armour for 127 gold pieces
 57713 | Bazaar   | Bought a scroll of blinking for 97 gold pieces
 57713 | Bazaar   | Bought a scroll of teleportation for 39 gold pieces
 58680 | Shoals:3 | Noticed Mlioglotl
 59354 | Shoals:3 | Killed Mlioglotl
 59543 | Shoals:4 | Entered Level 4 of the Shoals
 59544 | Shoals:4 | Upgraded the game from 0.29.1-1-gd02db6906a to
                  | 0.29.1-2-gbd0b4ee654
 60000 | Shoals:4 | Paralysed by an air elemental for 1 turns
 60007 | Shoals:4 | Paralysed by an air elemental for 1 turns
 60442 | Shoals:4 | Paralysed by an air elemental for 1 turns
 60447 | Shoals:4 | Paralysed by an air elemental for 1 turns
 60741 | Shoals:4 | Identified the +9 great sword of Voarhuck {vorpal, Int-5
                  | Dex+5}
 60982 | Shoals:4 | Paralysed by an air elemental for 1 turns
 60984 | Shoals:4 | Paralysed by an air elemental for 1 turns
 61895 | Shoals:4 | Identified the ring "Sunanwar" {AC+4 Dex+7}
 61900 | Shoals:4 | Got a barnacled rune of Zot
 61908 | Shoals:4 | Identified the ring of Udopou {Dex+6 SInv}
 62408 | Shoals:4 | Paralysed by an air elemental for 1 turns
 62411 | Shoals:4 | Paralysed by an air elemental for 1 turns
 62553 | Shoals:4 | Paralysed by an air elemental for 1 turns
 63932 | Vaults:1 | Entered Level 1 of the Vaults
 64893 | Vaults:1 | Reached XP level 18. HP: 67/154 MP: 10/41
 65927 | Vaults:1 | Acquired 1394 gold pieces
 67727 | Vaults:1 | Found Foppuide's Magic Scroll Emporium.
 67735 | Vaults:1 | Bought a scroll of blinking for 135 gold pieces
 67735 | Vaults:1 | Bought a scroll of enchant armour for 135 gold pieces
 68891 | Vaults:2 | Reached skill level 15 in Spellcasting
 69283 | Vaults:2 | Found a runed translucent door.
 69284 | Vaults:2 | Noticed TPoD's ghost (adept HOMo)
 69777 | Vaults:2 | Killed TPoD's ghost
 69929 | Vaults:2 | Got the Compendium of Silt
 70456 | Vaults:2 | Found a staircase to the Crypt.
 70529 | Vaults:2 | Noticed Sojobo
 71333 | Vaults:2 | Reached skill level 15 in Summonings
 71936 | Vaults:2 | Paralysed by an air elemental for 1 turns
 71940 | Vaults:2 | Paralysed by an air elemental for 1 turns
 71942 | Vaults:2 | Killed Sojobo
 72805 | Vaults:3 | Reached XP level 19. HP: 124/163 MP: 5/43
 74023 | Vaults:3 | Found Voun's Distillery.
 74031 | Vaults:3 | Bought a potion of haste for 110 gold pieces
 74031 | Vaults:3 | Bought a potion of heal wounds for 55 gold pieces
 74031 | Vaults:3 | Bought a potion of resistance for 110 gold pieces
 74031 | Vaults:3 | Bought a potion of haste for 110 gold pieces
 74031 | Vaults:3 | Bought a potion of might for 44 gold pieces
 74031 | Vaults:3 | Bought a potion of might for 44 gold pieces
 74031 | Vaults:3 | Bought a potion of curing for 33 gold pieces
 75232 | Vaults:3 | Learned a level 7 spell: Spellforged Servitor
 77836 | Elf:1    | Entered Level 1 of the Elven Halls
 77836 | Elf:1    | Noticed Nikola
 77848 | Elf:1    | Killed Nikola
 78013 | Elf:1    | Found Uhimn's General Store.
 78014 | Elf:1    | Found Vessof's Distillery.
 78014 | Elf:1    | Found Fopsogyg's Antique Armour Shop.
 78017 | Elf:1    | Found Ytejowao's General Store.
 78028 | Elf:1    | Bought a scroll of enchant weapon for 90 gold pieces
 79246 | Elf:2    | Found a flickering gateway to a bazaar.
 79257 | Bazaar   | Entered a bazaar
 79352 | Bazaar   | Found Tefoyxith's Armour Boutique.
 79356 | Bazaar   | Found Loowyde's Assorted Antiques.
 79356 | Bazaar   | Found Diddaf's Armour Boutique.
 79357 | Bazaar   | Found Yshrup's Antique Weapon Boutique.
 79704 | Elf:2    | Found a runed translucent gate.
 79704 | Elf:2    | Found a runed translucent gate.
 79704 | Elf:2    | Found a runed translucent gate.
 80302 | Elf:2    | Reached skill level 10 in Conjurations
 81099 | Elf:2    | Reached XP level 20. HP: 174/174 MP: 23/44
 81694 | Elf:3    | Entered Level 3 of the Elven Halls
 82829 | Elf:3    | Identified the +1 scale mail of the Special Lies {-Cast
                  | rPois SInv}
 84064 | Elf:3    | Identified the +9 dagger of Reutak {freeze, rC++ rN+ SInv}
 85146 | Elf:3    | Learned a level 3 spell: Portal Projectile
 85412 | Crypt:1  | Entered Level 1 of the Crypt
 88810 | Crypt:2  | Noticed a royal mummy
 89201 | Crypt:2  | Killed a royal mummy
 89491 | Crypt:2  | Noticed a royal mummy
 90099 | Elf:1    | Bought a scroll of blinking for 90 gold pieces
 90294 | Depths:1 | Entered Level 1 of the Depths
 91011 | Depths:1 | Reached XP level 21. HP: 147/181 MP: 23/46
 91775 | Orc:1    | Bought the +4 skin of Zhor {*Englaciate rC+++ SInv} for
                  | 2061 gold pieces
 91775 | Orc:1    | Found the +4 skin of Zhor {*Englaciate rC+++ SInv}
 92036 | Slime:1  | Entered Level 1 of the Pits of Slime
 92337 | Slime:2  | Gained mutation: [Armour fits poorly on your strangely
                  | shaped body.] [a shining eye]
 92631 | Slime:3  | Learned a level 5 spell: Freezing Cloud
 92716 | Slime:4  | Reached skill level 1 in Ice Magic
 92939 | Slime:5  | Entered Level 5 of the Pits of Slime
 93654 | Slime:5  | Noticed the Royal Jelly
 94114 | Slime:5  | Killed the Royal Jelly
 94140 | Slime:4  | Reached skill level 15 in Fighting
 94301 | Slime:5  | Reached skill level 10 in Dodging
 95264 | Slime:5  | Paralysed by a floating eye for 4 turns
 95269 | Slime:5  | Paralysed by a floating eye for 4 turns
 95699 | Slime:5  | Reached skill level 10 in Transmutations
 96023 | Slime:5  | Identified the +5 falchion of Ragnarok {drain, Fragile rN++
                  | rCorr}
 96031 | Slime:5  | Identified the ring "Zyodgh" {Fly EV+4}
 96035 | Slime:5  | Got a slimy rune of Zot
 96096 | Slime:5  | Got the Directory of Singed Transposition
 96098 | Slime:5  | Identified the +6 dagger "Reurrur" {vamp, rN++ Int+4}
 96108 | Slime:5  | Identified the +4 dagger "Lahit" {pain, *Slow rElec rPois
                  | rCorr}
 96122 | Slime:5  | Identified the +10 hand axe of Sunlight {vorpal, Fragile
                  | rF+++ Will+ Str+5}
 97057 | Vaults:5 | Entered Level 5 of the Vaults
 97085 | Vaults:5 | Noticed a golden dragon
 97098 | Vaults:5 | Killed a golden dragon
 97151 | Vaults:5 | Reached skill level 10 in Shields
 97692 | Vaults:5 | Identified the ring of the Locust {rC+ Int+3}
 97710 | Vaults:5 | Reached skill level 1 in Necromancy
 98095 | Vaults:5 | Noticed a golden dragon
 98107 | Vaults:5 | Killed a golden dragon
 98130 | Vaults:5 | Learned a level 7 spell: Haunt
 98566 | Vaults:5 | Identified the +1 broad axe "Donagiru" {drain, rN+ Dex+3
                  | Stlth+}
 98768 | Vaults:5 | Found Fauto's Distillery.
 98773 | Vaults:5 | Bought a potion of invisibility for 136 gold pieces
 98773 | Vaults:5 | Bought a potion of brilliance for 68 gold pieces
 98891 | Vaults:5 | Reached XP level 22. HP: 192/192 MP: 16/48
 98997 | Vaults:5 | Noticed Frederick
 99027 | Vaults:5 | Killed Frederick
 99283 | Vaults:5 | Reached skill level 5 in Necromancy
 99512 | Vaults:5 | Identified the +6 quarterstaff of Prudence {vorpal, *Slow
                  | rElec rC+}
 99557 | Vaults:5 | Identified the +7 flail "Xamo Vow" {vorpal, SInv}
100976 | Vaults:5 | Identified the +1 mace of Insufficient Pleasure {freeze,
                  | rPois rF+++ Str-4 Int+4}
101514 | Vaults:5 | Got a silver rune of Zot
101870 | Vaults:5 | Identified the +1 ring mail "Vantekyo" {Contam rElec Str+9
                  | Int-2}
101917 | Vaults:5 | Reached skill level 1 in Maces & Flails
102819 | Depths:1 | Noticed Asterion
102826 | Depths:1 | Gained mutation: [You occasionally lose the ability to read
                  | scrolls when taking damage.] [you]
102827 | Depths:1 | Killed Asterion
102927 | Depths:1 | Found a one-way gate to the infinite horrors of the Abyss.
102953 | Depths:1 | Voluntarily entered the Abyss.
103156 | Abyss:2  | Lost mutation: [Armour fits poorly on your strangely shaped
                  | body.] [potion of mutation]
103156 | Abyss:2  | Lost mutation: You are agile. (Dex +4, Str/Int -1) [potion
                  | of mutation]
103156 | Abyss:2  | Gained mutation: [You occasionally shout uncontrollably at
                  | your foes.] [potion of mutation]
103157 | Abyss:2  | Lost mutation: [You occasionally shout uncontrollably at
                  | your foes.] [potion of mutation]
103157 | Abyss:2  | Lost mutation: [You occasionally lose the ability to read
                  | scrolls when taking damage.] [potion of mutation]
103157 | Abyss:2  | Gained mutation: Your mind is acute. (Int +4, Str/Dex -1)
                  | [potion of mutation]
103157 | Abyss:2  | Gained mutation: You are occasionally teleported next to
                  | monsters. [potion of mutation]
103157 | Abyss:2  | Gained mutation: Your mind is very acute. (Int +8, Str/Dex
                  | -2) [potion of mutation]
103158 | Abyss:2  | Lost mutation: Your mind is very acute. (Int +8, Str/Dex
                  | -2) [potion of mutation]
103158 | Abyss:2  | Lost mutation: You are occasionally teleported next to
                  | monsters. [potion of mutation]
103158 | Abyss:2  | Lost mutation: Your mind is acute. (Int +4, Str/Dex -1)
                  | [potion of mutation]
103158 | Abyss:2  | Gained mutation: You are agile. (Dex +4, Str/Int -1)
                  | [potion of mutation]
103158 | Abyss:2  | Gained mutation: You are occasionally teleported next to
                  | monsters. [potion of mutation]
103158 | Abyss:2  | Lost mutation: You are occasionally teleported next to
                  | monsters. [potion of mutation]
103364 | Abyss:3  | Noticed an ancient lich
103387 | Abyss:3  | Killed an ancient lich
103543 | Abyss:3  | HP: 2/134 [smoke demon/divine providence (12)]
103545 | Abyss:3  | Killed from afar by a smoke demon

Illustrated notes

Levels and vault maps discovered:
D:1:      amcnicky_arrival_wind_blow, layout_basic, minmay_ruptured
D:2:      minmay_diamond_boxcup, layout_rooms,
          ebering_ecumenical_altar_sacrificial
D:3:      layout_loops_ring, lemuel_round_altar,
          minmay_fractal_squares_diagonal_5
D:4:      layout_loops_corners, lemuel_blue_sif_altar,
          minmay_temple_entry_mini_moons, chequers_ossuary_entry_cave,
          hangedman_abyss_or_decor_passed
D:5:      layout_rooms, lemuel_mausoleum_altar_kikubaaqudgha, uniq_grinder,
          uniq_eustachio
D:6:      layout_rooms, kennysheep_slug_shrine, uniq_edmund,
          uniq_prince_ribbit1, uniq_sigmund
D:7:      layout_loops_ring, xom_confusion_cloud,
          mainiacjoe_overflow_six_doors_small
D:8:      layout_basic, dk_yredelemnul_ordeal, nicolae_overflow_hidden_temple,
          special_room [special_room_orc], serial_undead, serial_undead_d,
          serial_undead_b, serial_undead_f, serial_undead_b, serial_shops,
          nicolae_shop_waterfront
D:9:      layout_basic, grunt_temple_overflow_open, minivault_26, st_stairs_5
D:10:     layout_loops_cross, serial_aquarium, aquarium_bridge_straight
          [aquarium_subvault_bridge, aquarium_subvault_window,
          aquarium_subvault_bridge, aquarium_subvault_wall],
          aquarium_bridge_straight [aquarium_subvault_bridge,
          aquarium_subvault_balcony, aquarium_subvault_bridge,
          aquarium_subvault_window], aquarium_window_1, aquarium_window_2,
          aquarium_view_2f, aquarium_view_2c, aquarium_balcony_double_1,
          grunt_ministairs_10, uniq_snorg, uniq_maggie
D:11:     layout_roguey, minmay_lair_entry_grove
D:12:     gammafunk_jiyva_shrine, layout_basic, orc_0_dummy, serial_shops,
          bzr_entry_safe, nicolae_shop_waterfront, uniq_frances
D:13:     layout_rooms, serial_shops, nicolae_take_the_stairs,
          nicolae_burly_brawl
D:14:     layout_irregular_city, david_vaults_2,
          nicolae_concentric_dashed_squares_mild
D:15:     hangedman_depths_entry_try_elsewhere_first, layout_loops_ring,
          nicolae_ashenzari_skybound, uniq_josephine
Lair:1:   layout_cellular_growth
Lair:2:   layout_small_grid, lemuel_fruit_tree
Lair:3:   layout_loops_ring, minmay_shoals_entry_centaurs,
          nicolae_spider_entry_non_spiders, gammafunk_ghost_berserking_beasts,
          serial_bayou_pond_e, uniq_fannar
Lair:4:   layout_cave_pods, portal_ice_cave_rime
Lair:5:   cheibrodos_lair_end_hotspot, layout_long_grid, slime_entry_1
Shoals:1: layout_shoals, nicolae_shoals_stone_sculpture_thing,
          nicolae_shoals_circle_sea_wall
Shoals:2: layout_shoals, serial_shops, shop, argonaut_gorgonesque,
          uniq_polyphemus, uniq_ilsuiw
Shoals:3: layout_shoals, serial_shops, bzr_entry_water, uniq_mlioglotl
Shoals:4: shoals_end_hellmonk_storm_palace [storm_palace_center_ruins,
          storm_palace_corner_blocked, storm_palace_corner_pillars,
          storm_palace_corner_grid, storm_palace_corner_grid]
Spider:1: layout_spider_delve
Spider:2: gammafunk_boulding_lane, nicolae_spider_swamp_cousins, uniq_arachne,
          uniq_louise, uniq_kirke
Spider:3: layout_spider_delve
Spider:4: hellmonk_spider_rune_endless_swarm, hangedman_stitches_earthworm
Slime:1:  layout_caves
Slime:2:  layout_caves
Slime:3:  layout_caves
Slime:4:  layout_caves
Slime:5
Orc:1:    layout_caves, serial_shops, shop, nicolae_shop_overgrown_old_shop
Orc:2:    grunt_orc_cross, layout_caves, special_room
Elf:1:    layout_gridlike, hangedman_elf_represent, minmay_shoptagon,
          uniq_nikola
Elf:2:    elven_hall_of_blades_hangedman_original [grunt_blade_entry_basic],
          layout_onion_city, serial_shops, bzr_firewalk
Elf:3:    minmay_elf_hall_curves, layout_geoelf_octagon, wad_floor_pattern_1
Vaults:1: vaults_room_ringed_pool, nicolae_vaults_what_the_h, v_misc_27,
          grunt_vaults_diagonal, v_misc_33, hangedman_vaults_maws, v_pattern_3,
          nicolae_vaults_big_ls, st_hourglassy, ontoclasm_vaults_gateway,
          v_alt_pattern_1, grunt_vaults_hallway_long,
          nicolae_vaults_shelves_hall, layout_vaults_maze, serial_shops,
          shop_fountains
Vaults:2: hellmonk_ghost_big_iron, v_misc_29, vaults_mumra_minichess,
          ontoclasm_vaults_misaligned, v_misc_4, grunt_vaults_funnel,
          minmay_crypt_entry_simple_box, layout_vaults_quadrants, uniq_sojobo
Vaults:3: ontoclasm_vaults_ring_small, hangedman_vaults_snaps, v_misc_23,
          v_misc_16, vaults_standard_mumra_lines, dpeg_vaults_monster_box,
          v_misc_18, nicolae_vaults_diagonal_hallway_7,
          nicolae_vaults_specimen_jars, v_misc_10, layout_vaults_omnicross,
          serial_shops, shop
Vaults:4: ontoclasm_vaults_ring_large, hangedman_vaults_slice,
          ontoclasm_vaults_hangar, nicolae_vaults_network_quinsquares
          [nicolae_vaults_network_quincunx_subvault,
          nicolae_vaults_network_quincunx_subvault,
          nicolae_vaults_network_quincunx_subvault,
          nicolae_vaults_network_quincunx_subvault], vaults_room_fancy_cross,
          v_misc_25, vaults_room_door_hall, vaults_dpeg_ring,
          layout_vaults_chaotic_city
Vaults:5: uniq_frederick
Crypt:1:  layout_catacombs, basic_altar, grunt_ministairs_13,
          grunt_crypt_arrival_webbed, grunt_megastairs_3
Crypt:2:  minmay_guarded_unrand_sceptre_of_torment, layout_gridlike,
          st_vampire_maze, lemuel_upstairs_altar
Depths:1: layout_gridlike, abyss_entry, serial_shops, nicolae_shop_hallway_plus,
          hangedman_coc_ice_floe, lemuel_round_altar, minmay_holes,
          grunt_tower_of_power, uniq_asterion
Abyss:3:  base: Depths:1, hangedman_abyss_river_spirits,
          nicolae_abyss_rune_left_handed, evilmike_abyss_exit_plants

Skill      XL: |  1  2  3  4  5  6  7  8  9 10 11 12 13 14 15 16 17 18 19 20 21 22 |
---------------+-------------------------------------------------------------------+-----
Ranged Weapons | 4 5 6 7 8 9 |  9.5
Fighting       | 2 3 4 6 8 10 11 12 13 14 15 | 15.0
Dodging        | 2 3 4 5 6 7 8 10 11 | 11.0
Stealth        | 1 |  1.0
Poison Magic   | 2 3 4 7 8 |  8.0
Air Magic      | 1 2 4 8 9 |  9.0
Spellcasting   | 2 3 4 5 6 8 9 10 12 13 14 15 16 | 16.0
Summonings     | 2 4 5 7 9 11 13 15 16 | 16.0
Shields        | 2 4 5 8 9 10 | 10.0
Hexes          | 2 4 5 7 8 |  8.0
Translocations | 2 3 |  3.0
Armour         | 2 3 4 5 6 7 8 |  8.0
Transmutations | 4 5 7 9 10 | 10.0
Polearms       | 1 5 6 7 |  7.0
Conjurations   | 4 6 10 13 | 13.0
Evocations     | 1 2 3 4 |  4.0
Ice Magic      | 3 |  3.0
Necromancy     | 4 8 |  8.9
Maces & Flails | 3 |  3.3

Action                   |  1- 3 |  4- 6 |  7- 9 | 10-12 | 13-15 | 16-18 | 19-21 | 22-24 || total
-------------------------+-------+-------+-------+-------+-------+-------+-------+-------++-------
Melee: Dagger            |    43 |    17 |    12 |    36 |    27 |    22 |       |       ||   157
       Punch             |     1 |       |       |       |       |       |       |       ||     1
       Short sword       |       |       |    22 |       |       |       |       |       ||    22
       Flail             |       |       |    52 |    82 |    28 |       |       |       ||   162
       Staff             |       |       |     3 |       |       |       |       |       ||     3
       Trident           |       |       |       |       |   277 |   449 |   253 |       ||   979
       Shillelagh        |       |       |       |       |     5 |       |       |       ||     5
       Long sword        |       |       |       |       |       |       |    18 |       ||    18
       Eveningstar       |       |       |       |       |       |       |       |     2 ||     2
 Fire: Shortbow          |   110 |    25 |       |       |       |       |       |       ||   135
       Sling             |       |   367 |   172 |    59 |    82 |       |       |       ||   680
       Hand crossbow     |       |       |       |       |       |       |   147 |   187 ||   334
       Greatsling        |       |       |       |       |       |       |       |     2 ||     2
Throw: Throwing net      |       |       |       |       |       |       |     1 |       ||     1
 Cast: Poisonous Vapours |       |    44 |   144 |   120 |   191 |   167 |       |       ||   666
       Call Canine Famil |       |       |    52 |    61 |    64 |    89 |     2 |       ||   268
       Portal Projectile |       |       |    14 |     8 |       |       |    17 |    13 ||    52
       Airstrike         |       |       |       |   100 |   218 |   528 |   262 |    21 ||  1129
       Olgreb's Toxic Ra |       |       |       |    56 |    58 |    30 |     7 |       ||   151
       Summon Lightning  |       |       |       |    17 |   149 |   136 |    70 |     8 ||   380
       Alistair's Intoxi |       |       |       |     1 |    27 |     4 |     1 |       ||    33
       Summon Mana Viper |       |       |       |       |    73 |   112 |    44 |     9 ||   238
       Lightning Bolt    |       |       |       |       |    10 |   109 |   108 |    13 ||   240
       Monstrous Menager |       |       |       |       |       |    73 |   234 |    44 ||   351
       Yara's Violent Un |       |       |       |       |       |     3 |    37 |     7 ||    47
       Spellforged Servi |       |       |       |       |       |       |   108 |    32 ||   140
       Freezing Cloud    |       |       |       |       |       |       |    17 |     1 ||    18
       Haunt             |       |       |       |       |       |       |       |     2 ||     2
Evoke: Wand              |       |     3 |     4 |     9 |    13 |     1 |     2 |     2 ||    34
       Box of beasts     |       |       |       |       |     1 |       |     1 |     1 ||     3
       Condenser vane    |       |       |       |       |       |     2 |     1 |     1 ||     4
       Phial of floods   |       |       |       |       |       |     1 |     1 |     1 ||     3
       Tin of tremorston |       |       |       |       |       |       |     2 |     2 ||     4
       Phantom mirror    |       |       |       |       |       |       |     2 |     1 ||     3
  Use: Scroll            |     4 |     8 |     2 |    17 |    25 |    18 |    20 |     4 ||    98
       Potion            |     1 |     2 |     2 |     4 |    12 |    12 |    16 |     5 ||    54
 Stab: Distracted        |       |       |     2 |       |    14 |    20 |    16 |       ||    52
       Invisible         |       |       |     2 |       |     1 |       |       |       ||     3
       Paralysed         |       |       |       |       |     7 |     1 |       |       ||     8
       Sleeping          |       |       |       |       |     2 |       |     1 |       ||     3
       Confused          |       |       |       |       |     5 |       |       |       ||     5
       Fleeing           |       |       |       |       |       |     1 |       |       ||     1
Armor: Leather armour    |    26 |    78 |    58 |       |       |   163 |    87 |       ||   412
       Ring mail         |       |       |    80 |    98 |    35 |       |       |       ||   213
       Swamp dragon scal |       |       |       |    84 |    70 |   175 |       |       ||   329
       Ice dragon scales |       |       |       |       |   162 |     4 |       |       ||   166
       Animal skin       |       |       |       |       |       |       |    59 |    35 ||    94
Dodge: Dodged            |    54 |   145 |   201 |   209 |   392 |   653 |   343 |    90 ||  2087
       Repelled          |       |       |       |       |     3 |       |       |       ||     3
Block: Buckler           |       |     3 |    93 |   111 |   205 |   230 |       |       ||   642
       Reflection        |       |       |       |       |     8 |    44 |    41 |     6 ||    99
       Kite shield       |       |       |       |       |       |   336 |   458 |    86 ||   880
